 Dungeon Crawl Stone Soup version 0.29.1-1-gd02db6906a (webtiles) character file.

Game seed: 5013501823697264047

135 Ijustatesigmund the Trooper (level 5, 0/34 HPs)
             Began as a Gargoyle Fighter on Sept 19, 2022.
             Slain by an iguana (11 damage)
             ... on level 4 of the Dungeon.
             The game lasted 00:03:32 (2486 turns).

Ijustatesigmund the Trooper (Gargoyle Fighter)      Turns: 2486, Time: 00:03:33

Health: 0/34       AC: 12    Str: 22    XL:     5   Next: 18%
Magic:  5/5        EV:  9    Int:  8    God:
Gold:   197        SH:  5    Dex: 15    Spells: 4/4 levels left

rFire   . . .      SeeInvis .   a - +1 flail
rCold   . . .      Faith    .   c - +0 buckler
rNeg    + + .      Spirit   .   b - +0 scale mail
rPois   ∞          Reflect  .   (no helmet)
rElec   +          Harm     .   o - +0 cloak
rCorr   .          Rampage  .   (no gloves)
Will    .....                   (no boots)
Stlth   ..........              i - amulet of the acrobat
HPRegen 0.11/turn               m - +6 ring of dexterity
MPRegen 0.09/turn               q - ring of positive energy

@: invisible
A: sickness immunity, AC +4, negative energy resistance 1, electricity
resistance, torment resistance 1, petrification resistance
a: no special abilities


You were on level 4 of the Dungeon.
You visited 1 branch of the dungeon, and saw 4 of its levels.

You collected 197 gold pieces.

Inventory:

Hand Weapons
 a - a +1 flail (weapon)
Missiles
 g - a throwing net (quivered)
Armour
 b - a +0 scale mail (worn)
 c - a +0 buckler (worn)
 o - a +0 cloak (worn)
Jewellery
 i - an amulet of the acrobat (around neck)
 m - a +6 ring of dexterity (left hand)
 q - a ring of positive energy (right hand)
Scrolls
 n - a scroll of teleportation
 r - a scroll of fear
Potions
 d - a potion of might
 e - 2 potions of haste
 f - 2 potions of curing
 h - 4 potions of brilliance {unknown}
 j - a potion of lignification {unknown}
 k - a potion of cancellation {unknown}
 l - 2 potions of invisibility
 p - a potion of magic {unknown}
 s - a potion of resistance {unknown}


   Skills:
 + Level 4.6 Fighting
 + Level 3.6 Maces & Flails
 - Level 3.2 Armour
 + Level 4.1 Shields


You had 4 spell levels left.
You didn't know any spells.
Your spell library was empty.

Dungeon Overview and Level Annotations

Branches:
Dungeon (4/15)
 Temple: D:4-7

Altars:


Innate Abilities, Weirdness & Mutations

You are immune to sickness and miasma.
Your stone body is resilient. (AC +4)
You are immune to poison.
You resist negative energy. (rN+)
You are resistant to electric shocks. (rElec)
You are resistant to unholy torment.
You are immune to petrification.


Message History

The adder bites you. The iguana misses you.
The ball python completely misses you. The ball python barely misses you.
You closely miss the iguana. The adder bites you but does no damage.
The iguana closely misses you. The ball python bites you.
The ball python grabs you. The ball python constricts you.
You block the adder's attack. The iguana bites you.
You hit the ball python.
You kill the ball python!
The adder bites you but does no damage. You block the worm's attack.
The adder bites you but does no damage. The iguana barely misses you.
You hit the iguana but do no damage. You block the adder's attack.
The iguana bites you! The worm barely misses you.
You are too injured to fight recklessly!
You are too injured to fight recklessly!
You are too injured to fight recklessly!
You are too injured to fight recklessly!
You are too injured to fight recklessly!
The adder attacks as you move away! The adder barely misses you.
The iguana completely misses you. You block the adder's attack.
It was a potion of invisibility.
You fade into invisibility!
The adder bites you but does no damage.
You catch the helpless adder completely off-guard!
You hit the adder.
The adder is severely wounded.
The adder bites you but does no damage. x2
You miss the adder.
The adder is severely wounded.
The adder bites you. You block the adder's attack.
You hit the adder but do no damage.
The adder is severely wounded.
The adder bites you but does no damage.
You closely miss the adder.
The adder is severely wounded.
You block the adder's attack. The adder closely misses you.
You hit the adder.
You kill the adder!
The iguana bites you.
You hit the iguana but do no damage. The iguana bites you!
You die...

##..#........
............ #.
#......... ..
#......>. #.##
.#.......# ...
......†..# ###.#
# #....w.#
#...##.#
....###l####.#...
# #
##@#....#.#..#
#.....#h....#
##.#..#.###....#
...####.## ###
#.##....#..### #
#.##.#...<#
#.#.....#.#
#.#...###.#
#.#.....#.####


You could see a worm (unable to see you) and an iguana (unable to see you).

Vanquished Creatures
  An iguana (D:4)
  5 adders
  3 worms
  An orc (D:3)
  7 ball pythons
  4 endoplasms
  4 giant cockroaches
  6 goblins
  5 hobgoblins
  7 kobolds
  7 bats
  A frilled lizard (D:1)
  9 rats
60 creatures vanquished.

Notes
Turn   | Place    | Note
-------+----------+-------------------------------------------
     0 | D:1      | Ijustatesigmund the Gargoyle Fighter began the quest for
                  | the Orb.
     0 | D:1      | Reached XP level 1. HP: 14/14 MP: 1/1
    92 | D:1      | Found a faded altar of an unknown god.
   195 | D:1      | Reached XP level 2. HP: 12/19 MP: 2/2
   944 | D:2      | Reached XP level 3. HP: 24/24 MP: 3/3
  1436 | D:2      | Reached XP level 4. HP: 25/29 MP: 4/4
  2462 | D:4      | Reached XP level 5. HP: 34/34 MP: 5/5
  2486 | D:4      | Slain by an iguana

Illustrated notes

Levels and vault maps discovered:
D:1:      reono_arrival_mine, layout_basic,
          chequers_ecumenical_altar_simple_redux, hangedman_glass_teeth
D:2:      layout_basic
D:3:      layout_loops_ring, nrook_mini_vaults
D:4:      layout_basic, portal_sewer_entry_e, uniq_eustachio

Skill      XL: |  1  2  3  4 |
---------------+-------------+-----
Fighting       | 4 |  4.6
Maces & Flails | 3 |  3.6
Shields        | 4 |  4.1
Armour         | |  3.2

Action                   |  1- 3 |  4- 6 || total
-------------------------+-------+-------++-------
Melee: Flail             |    94 |    66 ||   160
  Use: Scroll            |     7 |     2 ||     9
       Potion            |       |     1 ||     1
 Stab: Invisible         |       |     1 ||     1
Armor: Scale mail        |    63 |    35 ||    98
Dodge: Dodged            |    62 |    43 ||   105
Block: Buckler           |    25 |    25 ||    50
